 Dungeon Crawl Stone Soup version 0.30-a0-174-gbc10bd73c2 (webtiles) character file.

Game seed: 13756278210361553001

61028 qw the Cleaver (level 15, -4/94 HPs)
             Began as a Gargoyle Fighter on Oct 1, 2022.
             Was a High Priest of Okawaru.
             Shot with an arrow by a centaur warrior (7 damage)
             ... on level 13 of the Dungeon.
             The game lasted 00:08:18 (21216 turns).

qw the Cleaver (Gargoyle Fighter)                  Turns: 21216, Time: 00:08:18

Health: -4/94      AC: 34    Str: 31    XL:     15   Next: 1%
Magic:  20/20      EV: 10    Int: 11    God:    Okawaru [*****.]
Gold:   901        SH: 21    Dex:  9    Spells: 14/14 levels left

rFire   . . .      SeeInvis .    Y - +3 broad axe (freeze)
rCold   + . .      Faith    .    v - +2 tower shield
rNeg    + . .      Spirit   .    r - +2 chain mail {rC+}
rPois   inf        Reflect  .    c - +1 hat
rElec   +          Harm     .    n - +0 cloak
rCorr   +          Rampage  .    y - +0 pair of gloves
Will    +....                    (no boots)
Stlth   ..........               (no amulet)
HPRegen 0.35/turn                A - ring "Poicre" {rCorr AC+4}
MPRegen 0.17/turn                x - +6 ring of strength

@: heroic, marked, flying
A: sickness immunity, AC +11, big wings, negative energy resistance 1,
electricity resistance, torment resistance 1, petrification resistance, hooves
1, low MP 1, screaming 1
a: Renounce Religion, Heroism, Finesse, Duel


You were on level 13 of the Dungeon.
You worshipped Okawaru.
Okawaru was extremely pleased with you.
You visited 3 branches of the dungeon, and saw 19 of its levels.

You collected 1176 gold pieces.
You spent 275 gold pieces at shops.


Innate Abilities, Weirdness & Mutations

You are immune to sickness and miasma.
Your stone body is resilient. (AC +11)
You are immune to poison.
Your large and strong wings let you fly.
You resist negative energy. (rN+)
You are resistant to electric shocks. (rElec)
You are resistant to unholy torment.
You are immune to petrification.
You have large cloven feet.
Your magical capacity is low. (-10% MP)
You occasionally shout uncontrollably at your foes.


   Skills:
 - Level 11.0(16.0) Fighting
 - Level 14.4(19.4) Axes
 - Level 6.0(11.0) Throwing
 - Level 9.0(14.0) Armour
 - Level 4.0(9.0) Dodging
 + Level 13.8(18.8) Shields
 - Level 10.0 Invocations


You had 14 spell levels left.
You didn't know any spells.
Your spell library was empty.

Inventory:

Hand Weapons
 h - a +4 morningstar of protection
 u - the +4 morningstar "Fijuiwn" {freeze, rCorr}
   (You took it off an orc on level 10 of the Dungeon)

   It freezes those it strikes, dealing additional cold damage.
   It can also slow down cold-blooded creatures.
   rCorr:     It protects you from acid and corrosion.
 Y - a +3 broad axe of freezing (weapon)
Missiles
 a - 6 javelins
 z - 2 silver javelins (quivered)
Armour
 b - the +0 pair of boots "Laonehacw" {Harm Will- Int-5 Dex+4}
   (You acquired it on level 3 of the Dungeon)

   Int:       It affects your intelligence (-5).
   Dex:       It affects your dexterity (+4).
   Harm:      It increases damage dealt and taken.
   Will:      It decreases your willpower.
 c - a +1 hat (worn)
 n - a +0 cloak (worn)
 q - a +2 scale mail of fire resistance
 r - a +2 chain mail of cold resistance (worn)
 s - a +0 plate armour
 v - a +2 tower shield (worn)
 y - a +0 pair of gloves (worn)
Jewellery
 k - a ring of fire
 x - a +6 ring of strength (right hand)
 A - the ring "Poicre" (left hand) {rCorr AC+4}
   (You acquired it on level 12 of the Dungeon)

   [ring of protection]

   AC:        It affects your AC (+4).
   rCorr:     It protects you from acid and corrosion.
Scrolls
 j - 7 scrolls of identify
Potions
 d - 5 potions of might
 e - 5 potions of mutation
 g - 6 potions of lignification
 i - 3 potions of resistance
 l - 9 potions of curing
 m - 4 potions of attraction
 o - a potion of cancellation
 t - 2 potions of haste

Dungeon Overview and Level Annotations

Branches:
Dungeon (13/15)            Temple (1/1) D:4            Lair (5/5) D:9
 Shoals (0/4) Lair:3       Spider (0/4) Lair:3        Slime (0/5) Lair:4
    Orc (0/2) D:9
 Vaults: D:13-14

Altars:
Ashenzari
Cheibriados
Dithmenos
Elyvilon
Fedhas
Gozag
Hepliaklqana
Kikubaaqudgha
Makhleb
Nemelex Xobeh
Okawaru
Qazlal
Ru
Sif Muna
Trog
Uskayaw
Vehumet
Wu Jian
Xom
Yredelemnul
Zin
The Shining One
Jiyva

Shops:
D:1 :   D:3 !*[   D:6 ***

Annotations:
D:3 2 runed translucent doors, qw's ghost, amateur GrFi
D:7 3 runed translucent doors, qw's ghost, novice GrFi
D:8 3 runed translucent doors, qw's ghost, novice GrFi
D:9 1 runed translucent door, qw's ghost, novice GrFi


Message History

The centaur shoots an arrow.
You block the arrow.
The centaur warrior shoots an arrow.
You block the arrow. The centaur warrior hits you.
The centaur warrior kicks you but does no damage.
The centaur warrior shoots an arrow.
The arrow hits you!
You slash the centaur warrior! You freeze the centaur warrior.
Your kick misses the centaur warrior.
The centaur warrior is severely wounded.
You hit the centaur but do no damage. You block the centaur warrior's attack.
The centaur warrior kicks you but does no damage.
A cyclops comes into view.
The centaur unwields a +0 shortbow.
You block the centaur's attack.
The centaur kicks you but does no damage.
The centaur warrior shoots an arrow.
The arrow hits you but does no damage.
You slice the centaur warrior!! You freeze the centaur warrior.
You kill the centaur warrior!
Okawaru accepts your kill. Okawaru grants you a weapon!
Something appears at your feet!
You see here the +9 trident of Okawaru's Supremacy {antimagic, Str+2 SInv}.
You barely miss the centaur.
The centaur warrior shoots an arrow.
You block the arrow.
The centaur hits you but does no damage.
You block the centaur's attack.
The cyclops throws a large rock.
The large rock closely misses you.
You have reached level 15!
Your experience leads to an increase in your attributes!
Your base attributes are Str 23, Int 11, Dex 9.
Increase (S)trength, (I)ntelligence, or (D)exterity?
You feel stronger. x2
You slash the centaur! You freeze the centaur.
You kick the centaur, but do no damage.
The centaur is heavily wounded.
The centaur warrior shoots an arrow.
You block the arrow. The centaur completely misses you.
You block the centaur's attack.
You slash the centaur! You freeze the centaur.
You kill the centaur!
Okawaru accepts your kill.
The centaur warrior shoots an arrow.
The arrow hits you!
You die...

...# ... ... #.. . ##.#
###.. ##..#.....C
##.))#...... #..)@.c.#
...'..))#.## ...#....#.#
. ##$..#.# ##..#.## .
##+## ##....# .# ##...##
##....##.. ..#
##.....####.........
...##.......##...#....##


You could see a centaur warrior and a cyclops.

Vanquished Creatures
  Gastronok (Lair:2)
  3 dire elephants (Lair:5)
  Snorg (Lair:4)
  Josephine (Lair:4)
  3 vault guards (D:13)
  4 centaur warriors (D:13)
  7 hydras
  2 two-headed ogres
  2 death yaks (Lair:5)
  A spectral dire elephant (Lair:5)
  Sonja (Lair:4)
  2 spectral death yaks (Lair:5)
  A spectral anaconda (Lair:5)
  An obsidian statue (Lair:5)
  3 necromancers (Lair:5)
  A deep elf pyromancer (D:12)
  An oklob plant (Lair:4)
  2 ugly things
  A cyclops (D:11)
  A manticore (D:13)
  A dire elephant zombie (Lair:5)
  Maurice (D:11)
  3 black mambas
  17 elephants
  2 torpor snails (Lair:5)
  3 rime drakes
  13 cane toads
  2 gargoyles
  5 komodo dragons
  A merfolk (Lair:3)
  2 hornets
  A polar bear (Lair:2)
  7 trolls
  8 slime creatures
  5 dream sheep (Lair:5)
  9 blink frogs
  4 spectral elephants (Lair:5)
  A vampire (D:13)
  8 wraiths
  37 yaks
  4 wyverns
  3 basilisks
  4 steam dragons
  3 vampire mosquitoes
  2 death yak simulacra (Lair:5)
  2 spectral cane toads (Lair:5)
  2 acid dragons
  18 water moccasins
  4 orc warriors
  An ice beast (D:7)
  2 sky beasts
  2 elephant zombies (Lair:5)
  An ogre (D:6)
  16 wolves
  6 centaurs
  2 phantoms
  2 elephant skeletons (Lair:5)
  2 kobold brigands
  2 gnoll sergeants
  9 bullfrogs
  2 scorpions
  4 wights (D:5)
  2 cane toad simulacra (Lair:5)
  8 killer bees (D:9)
  A vampire bat (D:10)
  An electric eel (Lair:3)
  8 howler monkeys
  7 hounds
  2 jellies
  2 orc priests
  6 iguanas
  Natasha (thrice) (D:2)
  Terence (D:2)
  12 orc wizards
  8 gnolls
  5 adders
  A shadow imp (D:6)
  5 ufetubi
  2 worms
  A dart slug (D:4)
  23 orcs
  6 endoplasms
  3 giant cockroaches
  7 goblins
  6 hobgoblins
  9 jackals
  17 kobolds
  7 quokkas
  6 ball pythons
  14 bats
  4 frilled lizards
  5 rats
444 creatures vanquished.

Vanquished Creatures (others)
  A vault guard (D:13)
  2 bushes (Lair:5)
  36 fungi
  29 plants
  31 withered plants (Lair:5)
99 creatures vanquished.

Grand Total: 543 creatures vanquished

Notes
Turn   | Place    | Note
-------+----------+-------------------------------------------
     0 | D:1      | qw the Gargoyle Fighter began the quest for the Orb.
     0 | D:1      | Reached XP level 1. HP: 14/14 MP: 1/1
     0 | D:1      | 0 ||| qw: Version: 0.2-a-13-gfc7b4b4
     0 | D:1      | 0 ||| qw: Game counter: 1854
     0 | D:1      | 0 ||| qw: Always use a shield: true
     0 | D:1      | 0 ||| qw: God list: Okawaru
     0 | D:1      | 0 ||| qw: Allow faded altars: false
     0 | D:1      | 0 ||| qw: Do Orc after D:15 true
     0 | D:1      | 0 ||| qw: Do second Lair branch before Depths: true
     0 | D:1      | 0 ||| qw: Lair rune preference: random
     0 | D:1      | 0 ||| qw: Plans: Normal, Zot:1-4, God:TSO, Crypt, Tomb,
                  | Pan, Slime:5, Hells, Abyss, Orb
     0 | D:1      | 0 ||| PLANNING D:1-11
    41 | D:1      | Reached skill level 2 in Axes
   159 | D:1      | Reached XP level 2. HP: 19/19 MP: 2/2
   322 | D:1      | Found Peipo's Vocational Training.
   328 | D:1      | 328 ||| Stepping ~*~*~tactically~*~*~ (stealth).
   349 | D:1      | 349 ||| Stepping ~*~*~tactically~*~*~ (stealth).
   516 | D:1      | Reached skill level 3 in Axes
   621 | D:1      | Reached XP level 3. HP: 23/23 MP: 3/3
   714 | D:1      | 714 ||| READING scroll labelled XOACZI MIFUATATO.
   715 | D:1      | 715 ||| READING scroll labelled JYSCHA YMIJA.
   716 | D:1      | 716 ||| READING scroll labelled NAIZXO TUNE.
   717 | D:1      | 717 ||| READING scroll labelled EDELON NOCHYRU.
   722 | D:1      | 722 ||| DRINKING 3 sapphire potions.
   723 | D:1      | 723 ||| DROPPING 2 potions of flight.
   999 | D:2      | 999 ||| Stepping ~*~*~tactically~*~*~ (hiding).
  1000 | D:2      | 1000 ||| Stepping ~*~*~tactically~*~*~ (hiding).
  1002 | D:2      | 1002 ||| Stepping ~*~*~tactically~*~*~ (hiding).
  1004 | D:2      | 1004 ||| Stepping ~*~*~tactically~*~*~ (hiding).
  1122 | D:2      | Reached XP level 4. HP: 28/28 MP: 4/4
  1147 | D:2      | Noticed Terence
  1148 | D:2      | 1148 ||| Stepping ~*~*~tactically~*~*~ (stealth).
  1161 | D:2      | Killed Terence
  1162 | D:2      | Reached skill level 4 in Axes
  1302 | D:2      | Identified the ring "Taphukeh" {Int+6 Dex+6}
  1381 | D:2      | Found a faded altar of an unknown god.
  1406 | D:2      | Noticed Natasha
  1408 | D:2      | 1408 ||| Stepping ~*~*~tactically~*~*~ (hiding).
  1409 | D:2      | 1409 ||| Stepping ~*~*~tactically~*~*~ (hiding).
  1417 | D:2      | Killed Natasha
  1418 | D:2      | Reached XP level 5. HP: 32/32 MP: 5/5
  1628 | D:2      | Noticed Natasha
  1629 | D:2      | 1629 ||| Stepping ~*~*~tactically~*~*~ (stealth).
  1633 | D:2      | Killed Natasha
  1642 | D:2      | Noticed Natasha
  1653 | D:2      | Killed Natasha
  1654 | D:2      | Reached skill level 5 in Axes
  1889 | D:2      | 1889 ||| UPGRADING to ring "Taphukeh" {Int+6 Dex+6}.
  1922 | D:3      | Found Qeybiushre's Antique Armour Emporium.
  1929 | D:3      | Found a runed translucent door.
  1932 | D:3      | 1932 ||| BUYING chain mail (121 gold).
  1932 | D:3      | Bought a chain mail for 121 gold pieces
  1932 | D:3      | 1932 ||| SHOPLISTING pair of boots (121 gold, have 29).
  1932 | D:3      | 1932 ||| SHOPLISTING polished chain mail (256 gold, have
                  | 29).
  1932 | D:3      | 1932 ||| SHOPLISTING runed orb (324 gold, have 29).
  1936 | D:3      | Noticed qw's ghost (amateur GrFi)
  1993 | D:3      | Found a runed translucent door.
  2027 | D:3      | Found Pifugu's Distillery.
  2034 | D:3      | 2034 ||| SHOPLISTING 2 potions of attraction (66 gold, have
                  | 29).
  2034 | D:3      | 2034 ||| SHOPLISTING potion of attraction (33 gold, have
                  | 29).
  2034 | D:3      | 2034 ||| SHOPLISTING potion of curing (33 gold, have 29).
  2034 | D:3      | 2034 ||| SHOPLISTING potion of heal wounds (55 gold, have
                  | 29).
  2141 | D:3      | Found Ostruone's Assorted Antiques.
  2170 | D:3      | 2170 ||| BUYING black potion (19 gold).
  2170 | D:3      | Bought a black potion for 19 gold pieces
  2170 | D:3      | 2170 ||| SHOPLISTING fizzy blue potion (19 gold, have 10).
  2170 | D:3      | 2170 ||| SHOPLISTING golden potion (19 gold, have 10).
  2170 | D:3      | 2170 ||| SHOPLISTING scroll labelled SIKLIO LUTZ (22 gold,
                  | have 10).
  2457 | D:3      | 2457 ||| UPGRADING to +0 chain mail.
  2467 | D:3      | 2467 ||| DROPPING +0 scale mail.
  2468 | D:3      | 2468 ||| UPGRADING to +0 cloak.
  2473 | D:3      | 2473 ||| READING scroll labelled ZICHEM LEADGHETU.
  2473 | D:3      | Identified a scroll of acquirement
  2473 | D:3      | 2473 ||| ACQUIRING +0 pair of boots "Laonehacw" {Harm Will-
                  | Int-5 Dex+4}
  2473 | D:3      | Acquired the +0 pair of boots "Laonehacw" {Harm Will- Int-5
                  | Dex+4}
  2475 | D:3      | 2475 ||| DRINKING 2 black potions.
  2476 | D:3      | 2476 ||| DRINKING 2 brown potions.
  2581 | D:3      | 2581 ||| DROPPING potion of berserk rage.
  2659 | D:4      | Reached skill level 1 in Dodging
  2698 | D:4      | Reached XP level 6. HP: 28/38 MP: 6/6
  2747 | D:4      | Identified the +5 hand axe of Triumph {antimagic, Int+4}
  2749 | D:4      | 2749 ||| DROPPING +5 hand axe of Triumph {antimagic,
                  | Int+4}.
  2866 | D:4      | 2866 ||| Stepping ~*~*~tactically~*~*~ (stealth).
  2880 | D:4      | 2880 ||| Stepping ~*~*~tactically~*~*~ (stealth).
  2892 | D:4      | Found a staircase to the Ecumenical Temple.
  2893 | D:4      | 2893 ||| PLANNING TEMPLE
  2893 | D:4      | 2893 ||| DROPPING amulet of magic regeneration.
  2900 | Temple   | Entered the Ecumenical Temple
  2978 | Temple   | 2978 ||| PLANNING D:1-11
  3426 | D:4      | 3426 ||| DROPPING +0 whip.
  3603 | D:4      | 3603 ||| Stepping ~*~*~tactically~*~*~ (hiding).
  3612 | D:4      | Reached skill level 6 in Axes
  3612 | D:4      | Reached XP level 7. HP: 29/43 MP: 7/7
  3665 | D:4      | 3665 ||| DROPPING +0 flail.
  3732 | D:4      | 3732 ||| DRINKING 2 fuming golden potions.
  3755 | D:5      | Entered Level 5 of the Dungeon
  3811 | D:5      | 3811 ||| FLEEEEING.
  3812 | D:5      | 3812 ||| FLEEEEING.
  3813 | D:5      | 3813 ||| FLEEEEING.
  3814 | D:5      | 3814 ||| FLEEEEING.
  3815 | D:5      | 3815 ||| FLEEEEING.
  3816 | D:5      | 3816 ||| FLEEEEING.
  3818 | D:5      | 3818 ||| FLEEEEING.
  3819 | D:5      | 3819 ||| STAIRDANCE
  3849 | D:4      | 3849 ||| DRINKING 2 smoky emerald potions.
  3849 | D:4      | Gained mutation: You have large cloven feet. [potion of
                  | mutation]
  3849 | D:4      | Gained mutation: Your magical capacity is low. (-10% MP)
                  | [potion of mutation]
  3849 | D:4      | Gained mutation: You occasionally shout uncontrollably at
                  | your foes. [potion of mutation]
  3869 | D:5      | Found a stormy altar of Qazlal.
  4102 | D:5      | Found an iron altar of Okawaru.
  4103 | D:5      | 4103 ||| PLANNING OKAWARU WORSHIP
  4116 | D:5      | 4116 ||| DRINKING potion of curing.
  4116 | D:5      | 4116 ||| (to cure confusion)
  4179 | D:5      | 4179 ||| UPGRADING to +0 plate armour.
  4189 | D:5      | 4189 ||| DROPPING +0 chain mail.
  4190 | D:5      | 4190 ||| READING scroll labelled SIKLIO LUTZ.
  4191 | D:5      | 4191 ||| READING scroll labelled GEOSUM QOUCZE.
  4192 | D:5      | 4192 ||| READING 2 scrolls of identify.
  4192 | D:5      | 4192 ||| IDENTIFYING bubbling ruby potion
  4193 | D:5      | 4193 ||| DROPPING potion of brilliance.
  4202 | D:5      | Became a worshipper of Warmaster Okawaru
  4203 | D:5      | 4203 ||| PLANNING D:1-11
  4245 | D:5      | HP: 9/43 [wight/+0 morningstar (10)]
  4246 | D:5      | 4246 ||| READING scroll of teleportation.
  4246 | D:5      | HP: 2/43 [wight/+0 morningstar (7)]
  4247 | D:5      | 4247 ||| DRINKING potion of heal wounds.
  4250 | D:5      | Reached skill level 7 in Axes
  4341 | D:5      | HP: 10/43 [wight/+0 morningstar (3)]
  4343 | D:5      | HP: 4/43 [wight/+0 morningstar (6)]
  4347 | D:5      | Reached XP level 8. HP: 6/48 MP: 7/7
  4559 | D:5      | Found an ornate altar of the Wu Jian Council.
  4680 | D:5      | 4680 ||| READING scroll labelled MIRIVIOCVO.
  4955 | D:6      | Reached * piety under Okawaru
  4986 | D:6      | Found Gaos's Neck Hole.
  4992 | D:6      | 4992 ||| SHOPLISTING +2 cloak (198 gold, have 194).
  4992 | D:6      | 4992 ||| SHOPLISTING scarf of resistance (384 gold, have
                  | 194).
  5028 | D:6      | Reached skill level 1 in Invocations
  5121 | D:6      | 5121 ||| Stepping ~*~*~tactically~*~*~ (stealth).
  5135 | D:6      | Reached skill level 1 in Throwing
  5147 | D:6      | Found Zufokh's Specific Store.
  5149 | D:6      | Found Wuahocwi's General Store.
  5153 | D:6      | 5153 ||| BUYING 2 potions of lignification (90 gold).
  5153 | D:6      | Bought 2 potions of lignification for 90 gold pieces
  5153 | D:6      | 5153 ||| BUYING scroll of teleportation (45 gold).
  5153 | D:6      | Bought a scroll of teleportation for 45 gold pieces
  5261 | D:6      | 5261 ||| READING 2 scrolls of identify.
  5261 | D:6      | 5261 ||| IDENTIFYING fizzy blue potion
  5307 | D:7      | 5307 ||| DRINKING 2 potions of curing.
  5307 | D:7      | 5307 ||| (to cure confusion)
  5308 | D:7      | 5308 ||| DRINKING potion of curing.
  5308 | D:7      | 5308 ||| (to cure confusion)
  5309 | D:7      | 5309 ||| INVOKING Heroism.
  5310 | D:7      | 5310 ||| INVOKING Heroism.
  5326 | D:7      | 5326 ||| INVOKING Heroism.
  5326 | D:7      | HP: 6/50 [acid (10)]
  5327 | D:7      | 5327 ||| READING 2 scrolls of teleportation.
  5327 | D:7      | HP: 2/50 [orc warrior/+0 war axe (5)]
  5328 | D:7      | 5328 ||| DRINKING potion of heal wounds.
  5396 | D:7      | Found a runed translucent gate.
  5396 | D:7      | Found a runed translucent gate.
  5417 | D:7      | Found a radiant altar of Vehumet.
  5425 | D:7      | 5425 ||| Stepping ~*~*~tactically~*~*~ (hiding).
  5432 | D:7      | 5432 ||| INVOKING Heroism.
  5445 | D:7      | Reached skill level 3 in Invocations
  5519 | D:7      | 5519 ||| INVOKING Heroism.
  5533 | D:7      | Reached skill level 8 in Axes
  5782 | D:7      | Reached skill level 6 in Fighting
  5782 | D:7      | Reached XP level 9. HP: 52/55 MP: 10/10
  5807 | D:7      | Found a runed translucent gate.
  5808 | D:7      | Found an opulent altar of Gozag.
  5810 | D:7      | Noticed qw's ghost (novice GrFi)
  5926 | D:7      | 5926 ||| Stepping ~*~*~tactically~*~*~ (stealth).
  5928 | D:7      | 5928 ||| INVOKING Heroism.
  5933 | D:7      | Reached ** piety under Okawaru
  5959 | D:7      | 5959 ||| Stepping ~*~*~tactically~*~*~ (stealth).
  5969 | D:7      | Found a sacrificial altar of Ru.
  5970 | D:7      | Noticed a hornet
  5971 | D:7      | 5971 ||| Stepping ~*~*~tactically~*~*~ (stealth).
  5979 | D:7      | Killed a hornet
  6093 | D:7      | 6093 ||| Stepping ~*~*~tactically~*~*~ (stealth).
  6330 | D:7      | Reached skill level 9 in Axes
  6460 | D:7      | 6460 ||| READING scroll labelled IVIJIH WOMMA.
  6461 | D:7      | 6461 ||| READING scroll labelled IMYNURH OFRU.
  6462 | D:7      | 6462 ||| READING scroll labelled POEWEI DIEX.
  6463 | D:7      | 6463 ||| READING 4 scrolls of identify.
  6463 | D:7      | 6463 ||| IDENTIFYING fuming black potion
  6464 | D:7      | 6464 ||| DROPPING potion of degeneration.
  6532 | D:8      | 6532 ||| Stepping ~*~*~tactically~*~*~ (stealth).
  6587 | D:8      | Noticed qw's ghost (novice GrFi)
  6588 | D:8      | Found a runed translucent gate.
  6588 | D:8      | Noticed a ten-headed hydra
  6589 | D:8      | Found a runed translucent gate.
  6589 | D:8      | Found a runed translucent gate.
  6691 | D:8      | 6691 ||| Stepping ~*~*~tactically~*~*~ (hiding).
  6713 | D:8      | 6713 ||| Stepping ~*~*~tactically~*~*~ (stealth).
  6714 | D:8      | 6714 ||| Stepping ~*~*~tactically~*~*~ (stealth).
  6718 | D:8      | 6718 ||| INVOKING Heroism.
  6941 | D:8      | 6941 ||| INVOKING Heroism.
  6966 | D:8      | 6966 ||| INVOKING Heroism.
  7528 | D:8      | 7528 ||| Stepping ~*~*~tactically~*~*~ (hiding).
  7534 | D:8      | 7534 ||| INVOKING Heroism.
  7540 | D:8      | Reached skill level 6 in Armour
  7841 | D:8      | Found a glowing golden altar of the Shining One.
  7889 | D:8      | 7889 ||| UPGRADING to +0 kite shield.
  7899 | D:8      | 7899 ||| DROPPING +0 buckler.
  7900 | D:8      | 7900 ||| READING 3 scrolls labelled SELAGI ATTEICWAMM.
  7901 | D:8      | 7901 ||| DROPPING 2 scrolls of summoning.
  7962 | D:9      | 7962 ||| INVOKING Heroism.
  7979 | D:9      | Reached XP level 10. HP: 56/63 MP: 9/11
  8044 | D:9      | 8044 ||| INVOKING Heroism.
  8051 | D:9      | Reached skill level 6 in Shields
  8059 | D:9      | Reached *** piety under Okawaru
  8173 | D:9      | 8173 ||| Stepping ~*~*~tactically~*~*~ (stealth).
  8217 | D:9      | Found a broken altar of Ashenzari.
  8240 | D:9      | 8240 ||| Stepping ~*~*~tactically~*~*~ (stealth).
  8278 | D:9      | 8278 ||| Stepping ~*~*~tactically~*~*~ (stealth).
  8284 | D:9      | 8284 ||| INVOKING Heroism.
  8300 | D:9      | 8300 ||| INVOKING Heroism.
  8319 | D:9      | 8319 ||| INVOKING Heroism.
  8322 | D:9      | Reached skill level 9 in Shields
  8439 | D:9      | 8439 ||| Stepping ~*~*~tactically~*~*~ (stealth).
  8450 | D:9      | 8450 ||| Stepping ~*~*~tactically~*~*~ (stealth).
  8466 | D:9      | Found a staircase to the Lair.
  8520 | D:9      | You fall into a shaft and drop 1 floor!
  8520 | D:10     | Entered Level 10 of the Dungeon
  8522 | D:10     | 8522 ||| INVOKING Heroism.
  8565 | D:10     | Identified the +4 spear of Gulosased {drain, *Rage +Blink
                  | rF+++ rN+}
  8587 | D:10     | Found a shimmering blue altar of Sif Muna.
  8681 | D:10     | 8681 ||| INVOKING Heroism.
  8688 | D:10     | Reached **** piety under Okawaru
  8739 | D:10     | 8739 ||| Stepping ~*~*~tactically~*~*~ (hiding).
  8746 | D:10     | Reached skill level 10 in Axes
  8755 | D:10     | 8755 ||| INVOKING Heroism.
  8767 | D:10     | Reached XP level 11. HP: 36/68 MP: 10/13
  8834 | D:10     | 8834 ||| Stepping ~*~*~tactically~*~*~ (stealth).
  8847 | D:10     | 8847 ||| INVOKING Heroism.
  9009 | D:10     | Identified the +4 morningstar "Fijuiwn" {freeze, rCorr}
  9010 | D:10     | 9010 ||| Stepping ~*~*~tactically~*~*~ (hiding).
  9023 | D:10     | 9023 ||| Stepping ~*~*~tactically~*~*~ (stealth).
  9024 | D:10     | 9024 ||| Stepping ~*~*~tactically~*~*~ (stealth).
  9038 | D:9      | 9038 ||| INVOKING Heroism.
  9343 | D:9      | Noticed qw's ghost (novice GrFi)
  9345 | D:9      | Found a runed translucent door.
  9376 | D:9      | 9376 ||| INVOKING Heroism.
  9419 | D:9      | Found a glowing silver altar of Zin.
  9448 | D:9      | 9448 ||| Stepping ~*~*~tactically~*~*~ (hiding).
  9449 | D:9      | 9449 ||| Stepping ~*~*~tactically~*~*~ (hiding).
  9450 | D:9      | 9450 ||| Stepping ~*~*~tactically~*~*~ (hiding).
  9488 | D:9      | Found a sparkling altar of Nemelex Xobeh.
  9526 | D:9      | Reached skill level 6 in Invocations
  9597 | D:9      | Found a staircase to the Orcish Mines.
  9641 | D:9      | Found an opulent altar of Gozag.
  9720 | D:9      | 9720 ||| PLANNING LAIR
  9758 | Lair:1   | Entered Level 1 of the Lair of Beasts
  9809 | Lair:1   | 9809 ||| Stepping ~*~*~tactically~*~*~ (hiding).
  9817 | Lair:1   | 9817 ||| Stepping ~*~*~tactically~*~*~ (stealth).
  9919 | Lair:1   | 9919 ||| Stepping ~*~*~tactically~*~*~ (stealth).
  9921 | Lair:1   | 9921 ||| Stepping ~*~*~tactically~*~*~ (stealth).
 10021 | Lair:1   | 10021 ||| INVOKING Heroism.
 10169 | Lair:1   | Reached ***** piety under Okawaru
 10598 | Lair:1   | 10598 ||| DROPPING ring of magical power.
 10625 | Lair:2   | Noticed Gastronok
 10626 | Lair:2   | 10626 ||| INVOKING Heroism.
 10644 | Lair:2   | Killed Gastronok
 10712 | Lair:2   | Noticed a seven-headed hydra
 10713 | Lair:2   | 10713 ||| INVOKING Heroism.
 10714 | Lair:2   | 10714 ||| INVOKING Finesse.
 10716 | Lair:2   | 10716 ||| SWAPPING to +0 morningstar.
 10723 | Lair:2   | Killed a seven-headed hydra
 10724 | Lair:2   | Reached skill level 11 in Axes
 10724 | Lair:2   | 10724 ||| SWAPPING to +0 war axe.
 10790 | Lair:2   | 10790 ||| INVOKING Heroism.
 10853 | Lair:2   | 10853 ||| INVOKING Heroism.
 10969 | Lair:2   | 10969 ||| INVOKING Heroism.
 11059 | Lair:2   | 11059 ||| INVOKING Heroism.
 11205 | Lair:2   | Found a basalt altar of Yredelemnul.
 11329 | Lair:2   | 11329 ||| INVOKING Heroism.
 11343 | Lair:2   | 11343 ||| Stepping ~*~*~tactically~*~*~ (stealth).
 11344 | Lair:2   | 11344 ||| Stepping ~*~*~tactically~*~*~ (stealth).
 11345 | Lair:2   | 11345 ||| Stepping ~*~*~tactically~*~*~ (stealth).
 11375 | Lair:2   | Reached skill level 9 in Invocations
 11375 | Lair:2   | Reached XP level 12. HP: 69/73 MP: 16/16
 11781 | Lair:2   | 11781 ||| UPGRADING to +1 hat.
 11803 | Lair:2   | 11803 ||| READING scroll labelled VEWKYC FOEWOE.
 11962 | Lair:3   | Noticed a six-headed hydra
 11963 | Lair:3   | 11963 ||| INVOKING Heroism.
 11964 | Lair:3   | 11964 ||| INVOKING Finesse.
 11966 | Lair:3   | 11966 ||| SWAPPING to +0 morningstar.
 11973 | Lair:3   | Killed a six-headed hydra
 11974 | Lair:3   | 11974 ||| SWAPPING to +0 war axe.
 12064 | Lair:3   | 12064 ||| Stepping ~*~*~tactically~*~*~ (stealth).
 12066 | Lair:3   | 12066 ||| INVOKING Heroism.
 12167 | Lair:3   | 12167 ||| INVOKING Heroism.
 12266 | Lair:3   | Received a gift from Okawaru
 12409 | Lair:3   | 12409 ||| INVOKING Heroism.
 12411 | Lair:3   | 12411 ||| Stepping ~*~*~tactically~*~*~ (stealth).
 12420 | Lair:3   | 12420 ||| Stepping ~*~*~tactically~*~*~ (stealth).
 12495 | Lair:3   | Received a gift from Okawaru
 12913 | Lair:3   | Found a hole to the Spider Nest.
 12961 | Lair:3   | Found a staircase to the Shoals.
 12970 | Lair:3   | 12970 ||| INVOKING Heroism.
 12980 | Lair:3   | Reached skill level 9 in Fighting
 13146 | Lair:3   | 13146 ||| READING 9 scrolls of identify.
 13146 | Lair:3   | 13146 ||| IDENTIFYING lumpy grey potion
 13223 | Lair:4   | 13223 ||| Stepping ~*~*~tactically~*~*~ (stealth).
 13227 | Lair:4   | 13227 ||| Stepping ~*~*~tactically~*~*~ (stealth).
 13229 | Lair:4   | 13229 ||| Stepping ~*~*~tactically~*~*~ (stealth).
 13232 | Lair:4   | 13232 ||| INVOKING Heroism.
 13253 | Lair:4   | 13253 ||| Stepping ~*~*~tactically~*~*~ (stealth).
 13271 | Lair:4   | Noticed Josephine
 13279 | Lair:4   | Noticed a five-headed hydra
 13280 | Lair:4   | 13280 ||| INVOKING Finesse.
 13281 | Lair:4   | 13281 ||| INVOKING Heroism.
 13285 | Lair:4   | 13285 ||| SWAPPING to +0 morningstar.
 13286 | Lair:4   | 13286 ||| Stepping ~*~*~tactically~*~*~ (outnumbered).
 13289 | Lair:4   | 13289 ||| Stepping ~*~*~tactically~*~*~ (outnumbered).
 13290 | Lair:4   | 13290 ||| Stepping ~*~*~tactically~*~*~ (outnumbered).
 13298 | Lair:4   | HP: 17/73 [five-headed hydra (8)]
 13299 | Lair:4   | 13299 ||| READING 3 scrolls of teleportation.
 13300 | Lair:4   | 13300 ||| DRINKING potion of heal wounds.
 13303 | Lair:4   | 13303 ||| SWAPPING to +0 war axe.
 13402 | Lair:4   | 13402 ||| INVOKING Heroism.
 13420 | Lair:4   | Reached skill level 12 in Axes
 13502 | Lair:4   | 13502 ||| INVOKING Heroism.
 13503 | Lair:4   | 13503 ||| INVOKING Finesse.
 13507 | Lair:4   | Found an ornate altar of the Wu Jian Council.
 13508 | Lair:4   | 13508 ||| SWAPPING to +0 morningstar.
 13520 | Lair:4   | Killed a five-headed hydra
 13521 | Lair:4   | 13521 ||| SWAPPING to +0 war axe.
 13825 | Lair:4   | Found a viscous altar of Jiyva.
 13825 | Lair:4   | Found a staircase to the Slime Pits.
 13837 | Lair:4   | 13837 ||| Stepping ~*~*~tactically~*~*~ (stealth).
 13839 | Lair:4   | 13839 ||| Stepping ~*~*~tactically~*~*~ (stealth).
 13895 | Lair:4   | Noticed Snorg
 13897 | Lair:4   | 13897 ||| INVOKING Heroism.
 13898 | Lair:4   | 13898 ||| INVOKING Finesse.
 13929 | Lair:4   | Killed Snorg
 13930 | Lair:4   | Reached skill level 3 in Dodging
 14126 | Lair:4   | 14126 ||| INVOKING Heroism.
 14144 | Lair:4   | Killed Josephine
 14145 | Lair:4   | Reached XP level 13. HP: 29/80 MP: 18/18
 14360 | Lair:4   | 14360 ||| INVOKING Heroism.
 14508 | Lair:4   | Noticed Sonja
 14509 | Lair:4   | 14509 ||| INVOKING Finesse.
 14515 | Lair:4   | 14515 ||| INVOKING Heroism.
 14535 | Lair:4   | 14535 ||| INVOKING Finesse.
 14537 | Lair:4   | Killed Sonja
 14762 | Lair:4   | 14762 ||| READING 8 scrolls of identify.
 14762 | Lair:4   | 14762 ||| IDENTIFYING white potion
 14763 | Lair:4   | 14763 ||| DROPPING potion of ambrosia.
 14766 | Lair:5   | Entered Level 5 of the Lair of Beasts
 14768 | Lair:5   | 14768 ||| INVOKING Heroism.
 14769 | Lair:5   | 14769 ||| SWAPPING to +0 morningstar.
 14770 | Lair:5   | 14770 ||| INVOKING Finesse.
 14777 | Lair:5   | Received a gift from Okawaru
 14778 | Lair:5   | 14778 ||| SWAPPING to +0 war axe.
 14864 | Lair:5   | 14864 ||| INVOKING Heroism.
 14865 | Lair:5   | 14865 ||| INVOKING Finesse.
 15161 | Lair:5   | 15161 ||| INVOKING Heroism.
 15329 | Lair:5   | 15329 ||| Stepping ~*~*~tactically~*~*~ (stealth).
 15330 | Lair:5   | 15330 ||| Stepping ~*~*~tactically~*~*~ (stealth).
 15332 | Lair:5   | 15332 ||| INVOKING Heroism.
 15346 | Lair:5   | Reached skill level 3 in Throwing
 15352 | Lair:5   | Received a gift from Okawaru
 15481 | Lair:5   | 15481 ||| Stepping ~*~*~tactically~*~*~ (stealth).
 15517 | Lair:5   | 15517 ||| INVOKING Heroism.
 15560 | Lair:5   | Noticed a dire elephant
 15560 | Lair:5   | Noticed a dire elephant
 15560 | Lair:5   | Noticed a dire elephant
 15643 | Lair:5   | 15643 ||| INVOKING Heroism.
 15862 | Lair:5   | 15862 ||| INVOKING Heroism.
 15991 | Lair:5   | 15991 ||| INVOKING Heroism.
 15992 | Lair:5   | 15992 ||| INVOKING Finesse.
 16010 | Lair:5   | HP: 19/82 [hellwing[an obsidian statue] (5)]
 16011 | Lair:5   | 16011 ||| READING 2 scrolls of teleportation.
 16414 | Lair:5   | 16414 ||| INVOKING Heroism.
 16416 | Lair:5   | 16416 ||| Stepping ~*~*~tactically~*~*~ (stealth).
 16446 | Lair:5   | 16446 ||| Stepping ~*~*~tactically~*~*~ (stealth).
 16450 | Lair:5   | Reached skill level 13 in Axes
 16481 | Lair:5   | 16481 ||| Stepping ~*~*~tactically~*~*~ (stealth).
 16482 | Lair:5   | 16482 ||| Stepping ~*~*~tactically~*~*~ (stealth).
 16483 | Lair:5   | 16483 ||| Stepping ~*~*~tactically~*~*~ (stealth).
 16580 | Lair:5   | 16580 ||| INVOKING Heroism.
 16600 | Lair:5   | Reached skill level 9 in Armour
 16738 | Lair:5   | 16738 ||| INVOKING Heroism.
 16739 | Lair:5   | 16739 ||| INVOKING Finesse.
 16741 | Lair:5   | 16741 ||| SWAPPING to +0 morningstar.
 16748 | Lair:5   | 16748 ||| SWAPPING to +0 war axe.
 16834 | Lair:5   | 16834 ||| Stepping ~*~*~tactically~*~*~ (stealth).
 16837 | Lair:5   | 16837 ||| INVOKING Heroism.
 16843 | Lair:5   | Received a gift from Okawaru
 16857 | Lair:5   | Gained mutation: Your large and strong wings let you fly.
                  | [Gargoyle growth]
 16857 | Lair:5   | Reached XP level 14. HP: 83/88 MP: 19/19
 17019 | Lair:5   | 17019 ||| INVOKING Heroism.
 17041 | Lair:5   | Killed a dire elephant
 17254 | Lair:5   | 17254 ||| INVOKING Heroism.
 17255 | Lair:5   | 17255 ||| INVOKING Finesse.
 17344 | Lair:5   | 17344 ||| INVOKING Heroism.
 17347 | Lair:5   | Reached skill level 14 in Axes
 17363 | Lair:5   | HP: 14/88 [spectral dire elephant (15)]
 17364 | Lair:5   | 17364 ||| READING scroll of teleportation.
 17520 | Lair:5   | 17520 ||| Stepping ~*~*~tactically~*~*~ (stealth).
 17539 | Lair:5   | 17539 ||| INVOKING Heroism.
 17645 | Lair:5   | 17645 ||| INVOKING Heroism.
 17666 | Lair:5   | Killed a dire elephant
 17814 | Lair:5   | 17814 ||| Stepping ~*~*~tactically~*~*~ (stealth).
 17817 | Lair:5   | 17817 ||| Stepping ~*~*~tactically~*~*~ (stealth).
 17823 | Lair:5   | 17823 ||| INVOKING Heroism.
 18010 | Lair:5   | 18010 ||| INVOKING Heroism.
 18049 | Lair:5   | Killed a dire elephant
 18194 | Lair:5   | 18194 ||| INVOKING Heroism.
 18244 | Lair:5   | Received a gift from Okawaru
 18337 | Lair:5   | Reached skill level 12 in Shields
 18415 | Lair:5   | 18415 ||| INVOKING Heroism.
 18416 | Lair:5   | 18416 ||| INVOKING Finesse.
 18471 | Lair:5   | 18471 ||| SWAPPING to +1 broad axe of draining.
 18472 | Lair:5   | 18472 ||| DROPPING +0 war axe.
 18535 | Lair:5   | 18535 ||| INVOKING Heroism.
 18536 | Lair:5   | 18536 ||| INVOKING Finesse.
 18540 | Lair:5   | 18540 ||| SWAPPING to +0 morningstar.
 18546 | Lair:5   | 18546 ||| SWAPPING to +1 broad axe of draining.
 18616 | Lair:5   | 18616 ||| INVOKING Heroism.
 18725 | Lair:5   | 18725 ||| PLANNING D:1-11
 18725 | Lair:5   | 18725 ||| DROPPING scarf of harm.
 18726 | Lair:5   | 18726 ||| DROPPING ring of flight.
 18727 | Lair:5   | 18727 ||| READING scroll labelled PIFUOSTRENI.
 18728 | Lair:5   | 18728 ||| READING 2 scrolls labelled SUHIDOG RAUME.
 18729 | Lair:5   | 18729 ||| READING scroll of enchant weapon.
 18729 | Lair:5   | 18729 ||| ENCHANTING +2 broad axe of draining.
 18730 | Lair:5   | 18730 ||| READING 8 scrolls of identify.
 18730 | Lair:5   | 18730 ||| IDENTIFYING ruby potion
 18731 | Lair:5   | 18731 ||| READING 7 scrolls of identify.
 18731 | Lair:5   | 18731 ||| IDENTIFYING grey potion
 18732 | Lair:5   | 18732 ||| READING 6 scrolls of identify.
 18732 | Lair:5   | 18732 ||| IDENTIFYING clear potion
 18733 | Lair:5   | 18733 ||| DROPPING potion of invisibility.
 18897 | D:10     | Found a bloodstained altar of Trog.
 19249 | D:10     | 19249 ||| DROPPING +0 morningstar.
 19459 | D:10     | 19459 ||| UPGRADING to +2 chain mail of cold resistance.
 19716 | D:11     | 19716 ||| Stepping ~*~*~tactically~*~*~ (stealth).
 19746 | D:11     | 19746 ||| Stepping ~*~*~tactically~*~*~ (stealth).
 19755 | D:11     | 19755 ||| Stepping ~*~*~tactically~*~*~ (stealth).
 19756 | D:11     | 19756 ||| Stepping ~*~*~tactically~*~*~ (stealth).
 19759 | D:11     | 19759 ||| Stepping ~*~*~tactically~*~*~ (stealth).
 19829 | D:11     | Noticed Maurice
 19830 | D:11     | 19830 ||| Stepping ~*~*~tactically~*~*~ (hiding).
 19834 | D:11     | Paralysed by Maurice for 3 turns
 19847 | D:11     | Killed Maurice
 19917 | D:11     | 19917 ||| INVOKING Heroism.
 19966 | D:11     | 19966 ||| Stepping ~*~*~tactically~*~*~ (hiding).
 19973 | D:11     | Reached skill level 6 in Throwing
 20291 | D:11     | 20291 ||| PLANNING D
 20369 | D:12     | 20369 ||| INVOKING Heroism.
 20370 | D:12     | 20370 ||| SWAPPING to +4 morningstar "Fijuiwn" {freeze,
                  | rCorr}.
 20371 | D:12     | 20371 ||| INVOKING Finesse.
 20378 | D:12     | 20378 ||| SWAPPING to +3 broad axe of draining.
 20663 | D:12     | 20663 ||| READING scroll of acquirement.
 20663 | D:12     | 20663 ||| ACQUIRING ring "Poicre" {rCorr AC+4}
 20663 | D:12     | Acquired the ring "Poicre" {rCorr AC+4}
 20665 | D:12     | 20665 ||| UPGRADING to +6 ring of strength.
 21030 | D:12     | 21030 ||| UPGRADING to +2 tower shield.
 21040 | D:12     | 21040 ||| DROPPING +0 kite shield.
 21041 | D:12     | 21041 ||| UPGRADING to +0 pair of gloves.
 21046 | D:12     | 21046 ||| UPGRADING to ring "Poicre" {rCorr AC+4}.
 21048 | D:12     | 21048 ||| DROPPING ring "Taphukeh" {Int+6 Dex+6}.
 21049 | D:12     | 21049 ||| READING scroll labelled ZARIER VABBUO.
 21083 | D:13     | 21083 ||| INVOKING Heroism.
 21088 | D:13     | 21088 ||| STAIRDANCE
 21177 | D:13     | 21177 ||| INVOKING Heroism.
 21179 | D:13     | Received a gift from Okawaru
 21204 | D:13     | 21204 ||| DRINKING 10 potions of curing.
 21204 | D:13     | 21204 ||| (to cure confusion)
 21208 | D:13     | HP: 20/90 [centaur warrior/arrow (9)]
 21209 | D:13     | 21209 ||| DRINKING potion of heal wounds.
 21212 | D:13     | HP: 2/90 [centaur warrior/arrow (14)]
 21214 | D:13     | Identified the +9 trident of Okawaru's Supremacy
                  | {antimagic, Str+2 SInv} (Okawaru gifted it to you on level
                  | 13 of the Dungeon)
 21214 | D:13     | Received a gift from Okawaru
 21215 | D:13     | Reached XP level 15. HP: 3/94 MP: 20/20
 21216 | D:13     | Shot with an arrow by a centaur warrior

Levels and vault maps discovered:
D:1:      heliophobic_arrival_dark_side_of_the_moon, layout_loops_ring,
          nicolae_shop_vocational
D:2:      layout_basic, ebering_ecumenical_altar_webs, minmay_indecisive_spiral,
          uniq_terence, uniq_natasha
D:3:      layout_rooms, ebering_ghost_sewer_f, serial_shops, shop, shop,
          nicolae_diamond_shop, grunt_decor_junction, dreamdust_wishing_well
D:4:      layout_basic, temple_fountains, serial_aquarium,
          aquarium_bridge_straight [aquarium_subvault_bridge,
          aquarium_subvault_wall, aquarium_subvault_bridge,
          aquarium_subvault_balcony], aquarium_window_fake,
          aquarium_window_corridor_1, aquarium_window_2, aquarium_window_fake,
          aquarium_view_2c, aquarium_pool_2, grunt_ministairs_4
D:5:      layout_cave_pools, grunt_qazlal_clouds,
          pdpol_wu_jian_five_deadly_venoms, okawaru_metal_pillars_1_2
D:6:      layout_rooms, nicolae_specific_store,
          nicolae_shop_sticking_my_neck_out
D:7:      layout_gridville, fiery_altar_vehumet,
          nicolae_ru_great_annihilating_truth, ebering_ghost_gozag
D:8:      layout_layer_cave, tso_altar, gammafunk_ghost_hydra_chop
D:9:      layout_irregular_city, pdpol_temple_overflow_zin_treasury_gozag_greed,
          lemuel_coloured_pillars_altar, ashenzari_conservatory_becter,
          erik_lair_island, orc_0_dummy, hellmonk_ghost_happy_afterlife
D:10:     minmay_general_purpose_star, layout_loops_cross,
          nicolae_sif_muna_condensation, trog_book, minmay_misc_feat_five,
          roderic_batcave
D:11:     layout_roguey, minivault_25, st_stairs_6, uniq_maurice
D:12:     layout_long_grid
D:13:     layout_rooms, lightli_vaults_fourway_checkpoint,
          gammafunk_ghost_fury_of_okawaru, elyvilon_altar_5
Temple:   compressed_dpeg_circular_temple
Lair:1:   layout_cave_pods
Lair:2:   layout_regular_city, basic_altar, nicolae_volcano_entry_two_sided,
          lemuel_old_faithful, serial_bayou_shore_b,
          infiniplex_staircase_pool_2, grunt_megastairs_4, uniq_gastronok
Lair:3:   layout_cave_pods, elwin_shoals_entry_rooms,
          spider_nest_entry_web_field, lemuel_fruit_fields, grunt_megastairs_2,
          lemuel_fruit_tree
Lair:4:   layout_misc_corridors, slime_entry_1, nicolae_quartered_pool_super,
          lemuel_oklob_altar, lemuel_fruit_fields, uniq_snorg, uniq_sonja,
          uniq_josephine
Lair:5:   due_jungle_book, layout_cellular_growth, grunt_megastairs_5,
          serial_bayou_shore_b

Skill      XL: |  1  2  3  4  5  6  7  8  9 10 11 12 13 14 |
---------------+-------------------------------------------+-----
Axes           | 2 3 4 5 6 7 8 9 10 11 12 13 14 | 14.4
Dodging        | 1 2 3 4 |  4.0
Fighting       | 4 6 7 8 9 10 11 | 11.0
Armour         | 4 6 7 8 9 |  9.0
Invocations    | 4 9 10 | 10.0
Throwing       | 1 5 6 |  6.0
Shields        | 5 9 10 11 13 | 13.8

Action                   |  1- 3 |  4- 6 |  7- 9 | 10-12 | 13-15 || total
-------------------------+-------+-------+-------+-------+-------++-------
Melee: War axe           |    97 |   139 |   342 |   604 |   614 ||  1796
       Kick              |       |       |    93 |   244 |   385 ||   722
       Morningstar       |       |       |       |    35 |    19 ||    54
       Broad axe         |       |       |       |       |   150 ||   150
Throw: Boomerang         |       |       |    25 |    26 |    29 ||    80
       Javelin           |       |       |       |       |    70 ||    70
Invok: Heroism           |       |       |    10 |    29 |    29 ||    68
       Finesse           |       |       |       |     5 |    10 ||    15
  Use: Scroll            |     4 |     1 |    12 |     3 |    11 ||    31
       Potion            |     1 |     2 |     7 |     1 |     2 ||    13
 Stab: Invisible         |       |       |     1 |       |       ||     1
Armor: Scale mail        |    48 |    27 |       |       |       ||    75
       Chain mail        |       |    26 |    61 |       |   113 ||   200
       Plate armour      |       |       |   129 |   314 |   283 ||   726
Dodge: Dodged            |    40 |    47 |   110 |   176 |   217 ||   590
Block: Buckler           |    14 |    28 |    76 |       |       ||   118
       Kite shield       |       |       |    15 |   399 |   405 ||   819
       Tower shield      |       |       |       |       |    94 ||    94

Table legend:
 A = Non-vault XP
 B = Vault XP
 C = Vault XP percentage of total XP
 D = Non-vault monster count
 E = Vault monster count
 F = Vault count percentage of total count
                 A         B        C        D         E       F
            +---------+---------+-------+---------+---------+-------
      Total |   55368 |   31928 |  36.6 |     346 |      99 |  22.2
            +---------+---------+-------+---------+---------+-------
        D:1 |      35 |       0 |   0.0 |      21 |       0 |   0.0
        D:2 |     142 |      82 |  36.6 |      30 |       6 |  16.7
        D:3 |       8 |       0 |   0.0 |       5 |       0 |   0.0
        D:4 |     337 |      83 |  19.8 |      16 |       5 |  23.8
        D:5 |     525 |       0 |   0.0 |      21 |       0 |   0.0
        D:6 |     422 |       0 |   0.0 |      13 |       0 |   0.0
        D:7 |    1633 |      41 |   2.4 |      22 |       4 |  15.4
        D:8 |    1111 |       0 |   0.0 |      22 |       0 |   0.0
        D:9 |    3933 |     800 |  16.9 |      28 |       7 |  20.0
       D:10 |    2027 |     857 |  29.7 |       9 |      14 |  60.9
       D:11 |    1755 |     760 |  30.2 |      16 |       2 |  11.1
       D:12 |    4163 |       0 |   0.0 |      10 |       0 |   0.0
       D:13 |    4373 |    6502 |  59.8 |      11 |      12 |  52.2
     Lair:1 |    1851 |       0 |   0.0 |       9 |       0 |   0.0
     Lair:2 |    4237 |    1461 |  25.6 |      14 |       1 |   6.7
     Lair:3 |    3605 |     743 |  17.1 |      20 |       2 |   9.1
     Lair:4 |    7188 |    4213 |  37.0 |      27 |       9 |  25.0
     Lair:5 |   18023 |   16386 |  47.6 |      52 |      37 |  41.6
            +---------+---------+-------+---------+---------+-------
